 Dungeon Crawl Stone Soup version 0.29.1-1-gd02db6906a (webtiles) character file.

Game seed: 6370694115207549232

1256 sankara the Covert (level 8, -3/46 HPs)
             Began as a Vampire Enchanter on Oct 12, 2022.
             Slain by a hound (5 damage)
             ... on level 6 of the Dungeon.
             The game lasted 00:32:08 (7284 turns).

sankara the Covert (Vampire Enchanter)              Turns: 7284, Time: 00:32:09

Health: -3/46      AC:  4    Str:  7    XL:     8   Next: 26%
Magic:  18/22      EV: 12    Int: 21    God:
Gold:   213        SH:  0    Dex: 16    Spells: 3/14 levels left

rFire   . . .      SeeInvis +   a - +2 dagger (protect)
rCold   + + .      Faith    .   (no shield)
rNeg    + + +      Spirit   .   b - +1 robe
rPois   ∞          Reflect  .   j - +0 helmet {Int+3}
rElec   .          Harm     .   (no cloak)
rCorr   .          Rampage  .   (no gloves)
Will    .....                   (no boots)
Stlth   ++++++....              (no amulet)
HPRegen 0.00/turn               l - ring of magical power
MPRegen 0.18/turn               (no ring)

@: bloodless, inhibited regen, studying Fighting
A: bloodless, fangs 3, see invisible, vampiric 2
a: Bat Form, Revivify


You were on level 6 of the Dungeon.
You visited 1 branch of the dungeon, and saw 6 of its levels.
You also visited: Sewer and Ossuary.

You collected 362 gold pieces.
You spent 149 gold pieces at shops.

Inventory:

Hand Weapons
 a - a +2 dagger of protection (weapon)
 h - a +1 dagger
 n - a +1 whip of flaming
 o - a +0 sling
 C - a +0 rapier
Missiles
 d - 2 atropa-tipped darts
 k - 43 stones (quivered)
 A - 3 poisoned darts
Armour
 b - a +1 robe (worn)
 j - a +0 helmet of intelligence (worn)
 r - a +0 cloak
Jewellery
 i - a ring of ice
 l - a ring of magical power (left hand)
Scrolls
 f - 3 scrolls of identify
 p - a scroll of amnesia
 s - a scroll of poison {unknown}
 t - a scroll of blinking {unknown}
 u - 3 scrolls of teleportation {unknown}
 w - a scroll of immolation {unknown}
 x - a scroll of fear {unknown}
 y - a scroll of brand weapon {unknown}
 z - a scroll of fog {unknown}
 B - a scroll of magic mapping
 F - a scroll of enchant weapon {unknown}
 G - a scroll of vulnerability {unknown}
Potions
 c - 2 potions of invisibility
 e - a potion of resistance
 g - 3 potions of mutation
 m - 3 potions of curing
 q - 2 potions of cancellation
 v - 5 potions of flight
 D - a potion of heal wounds {unknown}
 E - a potion of haste {unknown}


   Skills:
 + Level 3.3 Fighting
 - Level 3.0 Short Blades
 - Level 2.1 Dodging
 * Level 10.1 Stealth
 + Level 3.9 Spellcasting
 + Level 7.5 Hexes
 - Level 1.0 Summonings
 + Level 3.6 Ice Magic


You had 3 spell levels left.
You knew the following spells:

 Your Spells              Type           Power      Damage    Failure   Level
a - Ensorcelled Hibernat  Hex/Ice        54%        N/A       1%          2
b - Tukima's Dance        Hex            35%        N/A       1%          3
c - Confusing Touch       Hex            35%        N/A       1%          3
d - Dazzling Flash        Conj/Hex       40%        N/A       8%          3

Your spell library contained the following spells:

 Spells                   Type           Power      Damage    Failure   Level
 Static Discharge         Conj/Air       4%         3-4/arc   19%         2
 Summon Mana Viper        Hex/Summ       22%        N/A       50%         5
 Animate Armour           Summ/Erth      12%        N/A       67%         4
 Summon Lightning Spire   Summ/Air       6%         N/A       67%         4
 Dispel Undead            Necr           4%         3d7       77%         4
 Sticky Flame             Conj/Fire      4%         2d3       77%         4
 Summon Forest            Summ/Tloc      3%         N/A       95%         5


Dungeon Overview and Level Annotations

Branches:
Dungeon (6/15)              Sewer (visited)         Ossuary (visited)
 Temple: D:4-7

Altars:
Dithmenos
Nemelex Xobeh
Uskayaw
Yredelemnul

Shops:
D:4 [

Annotations:
D:3 3 runed translucent doors, dunno567's ghost, amateur HOFi


Innate Abilities, Weirdness & Mutations

You do not regenerate when monsters are visible.
You are frail without blood (-20% HP).
You can heal yourself when you bite living creatures.
You are immune to poison.
You have razor-sharp teeth.
You have supernaturally acute eyesight. (SInv)
You are afflicted with vampirism and can become a bat while bloodless.


Message History

The wight barely misses you.
You hit the wight but do no damage.
The wight appears confused.
The wight hits you with a +2 vampiric great sword.
A hound comes into view.
You hit the wight but do no damage.
Your weapon exudes an aura of protection.
You bite the wight, but do no damage.
The wight hits you with a +0 great sword.
The wight hits you with a +2 vampiric great sword.
The wight hits itself with a +2 vampiric great sword!!
The wight is destroyed!
Casting: Confusing Touch (safe; 1% risk of failure)
Confirm with . or Enter, or press ? or * to list all spells.
Your hands begin to glow red.
The wight hits you with a +0 great sword!
You hit the wight but do no damage.
An adder comes into view.
The wight barely misses you. The wight hits you with a +0 battleaxe!
You closely miss the wight. The hound bites you but does no damage.
The wight completely misses you. The wight hits you but does no damage.
The adder hisses angrily.
You hit the wight but do no damage.
The wight appears confused.
The hound bites you.
* * * LOW HITPOINT WARNING * * *
The hound closely misses you.
The wight closely misses the hound.
The wight hits itself with a +0 battleaxe.
The hound attacks as you move away! The hound closely misses you.
The hound bites you but does no damage.
The wight hits the ogre with a +0 battleaxe!
The wight barely misses the adder.
The hound pauses to sniff the ground.
The hound bites you.
* * * LOW HITPOINT WARNING * * *
The hound attacks as you move away! The hound bites you.
* * * LOW HITPOINT WARNING * * *
The hound bites you.
* * * LOW HITPOINT WARNING * * *
The hound attacks as you move away! The hound bites you.
You die...

.... ........#......##.#.####
..#.###.#....#....#..#.#.....
............#.........#.###.
##.....##.......##..#.#.#
#...........#.#.#.....#.#.#
.#.#.#...#.#.#...#.#...#.#.#
.....#.#.#...............#.#
..##..)....##.....##.......#
.......#...z.h@.......###
#.#....#....#.###.#...
...(..!#.............
..##..)z..S##..... #
.....#.#.#..........
.#.#.#...#.#.#...#.#
#...........#.#.# .
#.....##...... ?...... ...


You could see a hound, 2 wights and an adder.

Vanquished Creatures
  A phantom (D:4)
  2 elf zombies (Ossuary)
  2 scorpions (D:5)
  A necrophage (D:4)
  2 wights (D:6)
  2 human zombies (Ossuary)
  2 centaur zombies (Ossuary)
  3 hounds
  A gnoll bouda (D:5)
  A jelly (D:6)
  Jessica (D:2)
  An iguana (D:5)
  A hound zombie (Ossuary)
  3 mummies (Ossuary)
  9 gnolls
  4 river rats (Sewer)
  12 adders
  3 adder zombies (Ossuary)
  6 worms
  2 dart slugs
  11 orcs
  13 ball pythons
  5 endoplasms
  2 giant cockroaches (Sewer)
  9 goblins
  5 hobgoblins
  9 jackals
  3 quokkas
  14 bats
  2 goblin zombies (Ossuary)
  4 hobgoblin zombies (Ossuary)
  5 jackal zombies (Ossuary)
  7 kobolds
  2 kobold zombies (Ossuary)
  2 orc zombies (Ossuary)
  8 quokka zombies (Ossuary)
  7 rats
  2 rat zombies (Ossuary)
169 creatures vanquished.

Notes
Turn   | Place    | Note
-------+----------+-------------------------------------------
     0 | D:1      | sankara the Vampire Enchanter began the quest for the Orb.
     0 | D:1      | Reached XP level 1. HP: 13/13 MP: 3/3
   295 | D:1      | Reached XP level 2. HP: 13/13 MP: 5/5
   419 | D:1      | Reached skill level 5 in Stealth
   943 | D:1      | Found a faded altar of an unknown god.
  1058 | D:2      | Learned a level 2 spell: Ensorcelled Hibernation
  1278 | D:2      | Gained mutation: You are afflicted with vampirism and can
                  | become a bat while bloodless. [Vampire growth]
  1278 | D:2      | Reached XP level 3. HP: 16/16 MP: 6/6
  1285 | D:2      | Noticed Jessica
  1293 | D:2      | Killed Jessica
  1294 | D:2      | Reached skill level 5 in Hexes
  1395 | D:2      | Reached XP level 4. HP: 24/24 MP: 7/7
  1609 | D:2      | Got the Handbook of Assembling
  1964 | D:3      | Reached skill level 6 in Stealth
  2060 | D:3      | Reached skill level 1 in Ice Magic
  2265 | D:3      | Reached XP level 5. HP: 28/28 MP: 9/9
  2324 | D:3      | Learned a level 3 spell: Tukima's Dance
  2347 | D:3      | Found a runed translucent gate.
  2347 | D:3      | Found a runed translucent gate.
  2347 | D:3      | Found a runed translucent gate.
  2349 | D:3      | Noticed dunno567's ghost (amateur HOFi)
  2371 | D:3      | Noticed a +0 hand axe
  2372 | D:3      | Noticed a +0 dagger
  2375 | D:3      | Found a hide-covered altar of Uskayaw.
  3022 | D:4      | Found Faux's Armour Boutique.
  3036 | D:4      | Bought a +0 helmet of intelligence for 149 gold pieces
  3077 | D:4      | Found a glowing drain.
  3134 | Sewer    | Entered a sewer
  3203 | Sewer    | Reached skill level 7 in Stealth
  3416 | Sewer    | Reached XP level 6. HP: 31/32 MP: 7/10
  3521 | Sewer    | Learned a level 5 spell: Summon Mana Viper
  4670 | D:4      | Reached skill level 1 in Summonings
  4956 | D:4      | Reached skill level 8 in Stealth
  5230 | D:5      | Entered Level 5 of the Dungeon
  5375 | D:5      | Reached XP level 7. HP: 37/37 MP: 11/11
  5487 | D:5      | Found a sand-covered staircase.
  5496 | Ossuary  | Entered an ossuary
  5502 | Ossuary  | Learned a level 3 spell: Confusing Touch
  5506 | Ossuary  | Learned a level 3 spell: Dazzling Flash
  5681 | Ossuary  | Reached skill level 1 in Fighting
  5979 | Ossuary  | Reached skill level 9 in Stealth
  6534 | D:5      | Reached XP level 8. HP: 41/45 MP: 7/13
  6865 | D:5      | Found a sparkling altar of Nemelex Xobeh.
  6952 | D:5      | Found a shadowy altar of Dithmenos.
  6968 | D:5      | Found a basalt altar of Yredelemnul.
  7266 | D:6      | Reached skill level 10 in Stealth
  7283 | D:6      | HP: 2/46 [hound (3)]
  7284 | D:6      | Slain by a hound

Illustrated notes

Levels and vault maps discovered:
D:1:      scummos_arrival_forest, layout_basic,
          shapermc_ecumenical_altar_mp_urbaneastern, minmay_octomino_j4
D:2:      layout_loops_corners, uniq_jessica
D:3:      layout_basic, dancing_weapons_uskayaw, gammafunk_ghost_necromancy,
          minmay_cut_off
D:4:      layout_loops_ring, serial_shops, nicolae_diamond_shop,
          cheibrodos_sewer_entry_drain, minmay_manual_mail
D:5:      layout_basic, lemuel_crystal_altar,
          chequers_temple_overflow_statue_of_worship,
          lightli_ossuary_entry_decrepit_ruins
D:6:      nicolae_cairo_tiling_large_dashed, layout_basic, uniq_pikel,
          uniq_duvessa

Skill      XL: |  1  2  3  4  5  6  7  8 |
---------------+-------------------------+-----
Stealth        | 5 6 7 8 9 10 | 10.1
Short Blades   | 2 3 |  3.0
Hexes          | 5 6 7 |  7.5
Ice Magic      | 1 2 3 |  3.6
Spellcasting   | 3 |  3.9
Summonings     | 1 |  1.0
Fighting       | 2 3 |  3.3
Dodging        | |  2.1

Action                   |  1- 3 |  4- 6 |  7- 9 || total
-------------------------+-------+-------+-------++-------
Melee: Dagger            |    47 |   150 |   193 ||   390
       Bite              |       |    10 |    28 ||    38
       Punch             |       |     1 |     2 ||     3
Throw: Stone             |       |     1 |       ||     1
 Cast: Ensorcelled Hiber |       |    73 |    16 ||    89
       Confusing Touch   |       |       |    24 ||    24
       Tukima's Dance    |       |       |     2 ||     2
 Abil: Exsanguinate      |     2 |       |       ||     2
       Revivify          |     1 |       |       ||     1
  Use: Scroll            |       |     6 |     1 ||     7
       Potion            |       |     2 |       ||     2
 Stab: Sleeping          |    18 |    67 |    21 ||   106
       Confused          |       |       |    16 ||    16
Armor: Robe              |     5 |    61 |    69 ||   135
Dodge: Dodged            |    16 |    77 |   118 ||   211
